 Dungeon Crawl Stone Soup version 0.28.0-53-g5a82cb258f (webtiles) character file.

Game seed: 997525202983041595

59451 safid the Spear-Bearer (level 14, -4/103 HPs)
             Began as a Hill Orc Fighter on Aug 9, 2022.
             Was the Champion of Beogh.
             Slain by an ancient zyme (7 damage)
             ... on level 2 of the Abyss.
             The game lasted 00:50:28 (25658 turns).

safid the Spear-Bearer (Hill Orc Fighter)          Turns: 25658, Time: 00:50:28

Health: -4/103     AC: 34    Str: 24      XL:     14   Next: 95%
Magic:  3/21       EV:  8    Int:  3 (5)  God:    Beogh [******]
Gold:   465        SH: 15    Dex: 13      Spells: 13/13 levels left

rFire   + + .      SeeInvis +   m - +10 lance "Wyrmbane" {slay drac, rPois rF+ rC+ AC+3}
rCold   + . .      Faith    .   T - +4 kite shield {reflect}
rNeg    . . .      Spirit   .   c - +1 plate armour of Freezing Joy {Will+ Dex+3}
rPois   +          Reflect  +   N - +1 helmet
rElec   .          Harm     .   h - +0 cloak
rCorr   .          Rampage  .   d - +3 Mad Mage's Maulers {Infuse+∞ RegenMP Int-3}
Will    ++...                   Q - +1 pair of boots
Stlth   ..........              o - amulet "Gasumic" {RegenMP SInv}
HPRegen 0.27/turn               y - ring of protection from fire
MPRegen 0.97/turn               G - +4 ring of protection

@: no status effects
A: walk on water, [frail 2]
a: Renounce Religion, Smiting, Recall Orcish Followers, Give Item to Named
Follower, Resurrection


You were on level 2 of the Abyss.
You worshipped Beogh.
Beogh was exalted by your worship.
You visited 3 branches of the dungeon, and saw 20 of its levels.
You visited the Abyss 1 time.

You collected 2833 gold pieces.
You spent 2368 gold pieces at shops.

Inventory:

Hand Weapons
 m - the +10 lance "Wyrmbane" (weapon) {slay drac, rPois rF+ rC+ AC+3}
   (You bought it in a shop on level 3 of the Dungeon)

   It inflicts extra damage against dragons and draconians.
   AC:        It affects your AC (+3).
   rF:        It protects you from fire.
   rC:        It protects you from cold.
   rPois:     It protects you from poison.
Missiles
 e - 35 poisoned darts (quivered)
 P - 3 javelins
Armour
 c - the +1 plate armour of Freezing Joy (worn) {Will+ Dex+3}
   (You bought it in a shop on level 2 of the Orcish Mines)

   Dex:       It affects your dexterity (+3).
   Will:      It increases your willpower.
 d - the +3 Mad Mage's Maulers (worn) {Infuse+∞ RegenMP Int-3}
   (You acquired it on level 1 of the Lair of Beasts)

   It empowers its wearer's blows with all of their magic.
   It causes its wearer's magical reserves to regenerate more quickly.
   Int:       It affects your intelligence (-3).
 h - a +0 cloak (worn)
 N - a +1 helmet (worn)
 Q - a +1 pair of boots (worn)
 T - a +4 kite shield of reflection (worn)
Jewellery
 o - the amulet "Gasumic" (around neck) {RegenMP SInv}
   (You bought it in a shop on level 2 of the Orcish Mines)

   [amulet of magic regeneration]

   It increases your rate of magic regeneration.
   SInv:      It lets you see invisible.
 r - a ring of ice
 y - a ring of protection from fire (left hand)
 G - a +4 ring of protection (right hand)
Wands
 i - a wand of iceblast (3)
 j - a wand of flame (72)
 u - a wand of polymorph (14)
 x - a wand of mindburst (13)
 K - a wand of acid (10)
 M - a wand of digging (5)
 O - a wand of paralysis (5)
 S - a wand of charming (9)
Scrolls
 b - 3 scrolls of vulnerability
 g - 10 scrolls of teleportation
 p - 2 scrolls of magic mapping
 q - 2 scrolls of blinking
 s - 5 scrolls of immolation
 A - 2 scrolls of fog
 D - a scroll of noise {unknown}
 J - 4 scrolls of fear
 R - a scroll of silence {unknown}
Potions
 a - a potion of invisibility {unknown}
 f - a potion of mutation {unknown}
 n - 4 potions of lignification
 t - 2 potions of cancellation {unknown}
 v - 2 potions of resistance {unknown}
 C - 2 potions of curing
 L - 3 potions of flight
 U - a potion of brilliance {unknown}


   Skills:
 + Level 13.4 Fighting
 - Level 4.0(11.3) Axes
 - Level 13.8(14.0) Polearms
 + Level 7.0 Throwing
 - Level 12.0 Armour
 - Level 6.0 Dodging
 + Level 9.6 Shields
 + Level 10.1 Invocations
 + Level 7.5 Evocations


You had 13 spell levels left.
You didn't know any spells.
Your spell library contained the following spells:

 Spells                   Type           Power      Damage    Failure   Level
 Magic Dart               Conj           0%         1d3       100%        1
 Summon Small Mammal      Summ           0%         N/A       100%        1
 Ensorcelled Hibernation  Hex/Ice        0%         N/A       100%        2
 Passwall                 Tmut/Erth      0%         N/A       100%        2
 Call Canine Familiar     Summ           0%         N/A       100%        3
 Dazzling Flash           Conj/Hex       0%         N/A       100%        3
 Portal Projectile        Hex/Tloc       0%         N/A       100%        3
 Summon Guardian Golem    Hex/Summ       0%         N/A       100%        3
 Swiftness                Air            0%         N/A       100%        3
 Iskenderun's Mystic Bla  Conj/Tloc      0%         2d3       100%        4
 Blade Hands              Tmut           0%         N/A       100%        5
 Excruciating Wounds      Necr           0%         N/A       100%        5
 Starburst                Conj/Fire      0%         6d3       100%        6


Dungeon Overview and Level Annotations

Branches:
Dungeon (12/15)            Temple (0/1) D:5            Lair (6/6) D:8
 Shoals (0/4) Lair:2        Snake (0/4) Lair:2        Slime (0/5) Lair:5
    Orc (2/2) D:11            Elf (0/3) Orc:2

Altars:
Cheibriados
Dithmenos
Elyvilon
Gozag
Kikubaaqudgha
Nemelex Xobeh
Okawaru
Qazlal
Sif Muna
Trog
Vehumet
Wu Jian
Xom
Beogh
Jiyva

Shops:
D:3 (   D:12 =   Orc:2 [?:=

Annotations:
D:12 Psyche
Lair:1 1 runed translucent door, oldmanjim's ghost, journeyman TrHu
Lair:2 1 runed translucent door, Muskoefi's ghost, journeyman HOMo


Innate Abilities, Weirdness & Mutations

You can walk on water.
[You are very frail. (-20% HP)]


Message History

You feel yourself growing ill in the presence of the ancient zyme.
The smoke demon gestures at you.
The ball of steam hits you but does no damage.
The ancient zyme moves out of view.
You impale the large abomination!!
The large abomination is heavily damaged.
You block the large abomination's attack.
You hit the large abomination but do no damage.
The large abomination is heavily damaged.
You block the large abomination's attack.
Unknown command.
You puncture the large abomination!
The large abomination is severely damaged.
You completely miss the large abomination.
The large abomination is severely damaged.
The large abomination hits you but does no damage.
Unknown command.
You puncture the large abomination!
The large abomination is almost destroyed.
You block the large abomination's attack.
The smoke demon gestures at you. Something smites you!
* * * LOW HITPOINT WARNING * * *
Unknown command.
You puncture the large abomination!
You destroy the large abomination!
That felt strangely unrewarding.
The smoke demon gestures at you. The ball of steam hits you. You resist.
* * * LOW HITPOINT WARNING * * *
Unknown command.
You block the ancient zyme's attack.
The ancient zyme hits you but does no damage.
You feel yourself growing ill in the presence of the ancient zyme.
The smoke demon hits you but does no damage.
You block the smoke demon's attack. x2
You closely miss the smoke demon.
A thrashing horror comes into view.
You block the ancient zyme's attack. The ancient zyme hits you!
You die...

. X.# # ###
..#...#
#..#.### #
#..x3.# §#
##@###§#
#§.# # #
#§.# §#
#..###§##.#
#. ##..
§§..#
......### .
#..# .....
# # ...#
... .. .#
#.. ... ..
.§. .#


You could see an ancient zyme, a thrashing horror and a smoke demon.

Vanquished Creatures
  A yellow draconian (Abyss:2)
  Snorg (Orc:2)
  Josephine (Orc:2)
  6 hydras
  A catoblepas (D:9)
  Fannar (Lair:2)
  A centaur warrior (D:11)
  2 two-headed ogres
  An orc high priest (Orc:2)
  A thrashing horror (Abyss:1)
  Sonja (Lair:5)
  A shadow wraith (Abyss:2)
  2 starcursed masses (Abyss:2)
  2 lindwurms (Lair:3)
  Pikel (D:8)
  An orc knight (Orc:1)
  An ugly thing (D:6)
  2 orc sorcerers
  2 manticores
  2 cyclopes
  2 oklob plants
  Maurice (Orc:2)
  7 elephants
  Joseph (D:7)
  2 unseen horrors (D:11)
  10 cane toads
  5 komodo dragons
  Maggie (D:9)
  2 ancient zymes
  4 polar bears
  5 large abominations
  4 trolls
  A slime creature (D:8)
  9 raiju (Abyss:1)
  Prince Ribbit (D:5)
  A wind drake (Lair:2)
  3 hornets
  4 blink frogs
  2 dream sheep (Lair:6)
  A shadow (D:10)
  8 spriggans (Lair:6)
  A spriggan (shapeshifter) (Abyss:1)
  15 yaks
  A water elemental (D:11)
  3 basilisks
  3 wraiths (Orc:2)
  A neqoxec (Abyss:1)
  7 steam dragons
  3 wyverns
  Menkaure (D:7)
  4 nagas (Lair:2)
  An acid dragon (D:11)
  13 water moccasins
  2 sky beasts (D:6)
  A sky beast (shapeshifter) (Abyss:2)
  11 orc warriors
  4 black bears
  3 necrophages
  8 ogres
  2 boggarts (Lair:6)
  42 wolves
  5 centaurs
  A kobold brigand (D:8)
  A lemure (D:8)
  13 bullfrogs
  2 scorpions
  A wyvern zombie (D:8)
  2 small abominations (Abyss:2)
  2 water moccasin zombies
  A wyvern skeleton (D:5)
  A water moccasin skeleton (D:5)
  A killer bee (D:8)
  A howler monkey (D:7)
  3 electric eels (D:11)
  A quasit (Abyss:1)
  3 centaur zombies (D:8)
  2 gnoll shamans
  A centaur skeleton (D:4)
  5 hounds
  2 bullfrog skeletons
  5 orc priests
  2 jellies
  4 iguanas
  20 orc wizards
  3 hell rats (Lair:4)
  A centaur simulacrum (D:9)
  3 howler monkey zombies
  2 howler monkey skeletons
  9 adders
  14 gnolls
  A white imp (D:7)
  3 ufetubi
  2 worms (D:2)
  3 dart slugs
  16 orcs
  6 ball pythons
  5 bats
  8 endoplasms
  3 giant cockroaches
  5 goblins
  6 hobgoblins
  5 jackals
  6 kobolds
  4 quokkas
  7 frilled lizards
  5 rats
  A lurking horror (Abyss:1)
428 creatures vanquished.

Vanquished Creatures (collateral kills)
  Donald (Orc:2)
  An ettin (Orc:2)
  A hydra (Lair:6)
  An ogre mage (Orc:2)
  A two-headed ogre (D:11)
  2 catoblepae
  4 orc sorcerers (Orc:2)
  A manticore (Lair:2)
  2 cyclopes
  6 elephants
  3 black mambas
  3 cane toads
  An unseen horror (D:11)
  3 komodo dragons
  4 trolls
  3 polar bears
  2 hornets (Lair:6)
  18 dream sheep
  3 blink frogs
  6 spriggans (Lair:6)
  2 wraiths (Orc:2)
  9 yaks
  2 basilisks
  A warg (Orc:2)
  2 nagas (Lair:2)
  7 water moccasins
  3 orc warriors
  2 ogres
  2 boggarts (Lair:6)
  23 wolves
  3 bullfrogs
  3 orc priests
  4 hell rats (Lair:4)
  3 orc wizards
  9 orcs
141 creatures vanquished.

Vanquished Creatures (others)
  Erica (Orc:1)
  2 orc knights
  3 orc sorcerers
  8 orc warriors
  5 orc priests
  13 orc wizards
  25 orcs
  42 fungi
  A lurking horror (Abyss:1)
  45 plants
  7 starspawn tentacles (Abyss:1)
  2 withered plants (Lair:2)
154 creatures vanquished.

Grand Total: 723 creatures vanquished

Notes
Turn   | Place    | Note
-------+----------+-------------------------------------------
     0 | D:1      | safid the Hill Orc Fighter began the quest for the Orb.
     0 | D:1      | Reached XP level 1. HP: 19/19 MP: 1/1
    18 | D:1      | Found a faded altar of an unknown god.
    28 | D:1      | Got Plato's Disquisition on Battle Magic
   170 | D:1      | Reached XP level 2. HP: 27/27 MP: 2/2
   661 | D:1      | Reached XP level 3. HP: 27/33 MP: 3/3
  1316 | D:2      | Reached XP level 4. HP: 39/39 MP: 4/4
  1773 | D:3      | Found Hajur's Weapon Shoppe.
  1952 | D:3      | Found a shadowy altar of Dithmenos.
  2450 | D:4      | Became a worshipper of Beogh the Brigand
  2466 | D:4      | Reached XP level 5. HP: 37/47 MP: 5/5
  2615 | D:4      | Noticed a necrophage
  2625 | D:4      | Reached skill level 5 in Fighting
  2627 | D:4      | Killed a necrophage
  2628 | D:4      | Reached skill level 5 in Armour
  2628 | D:4      | Reached XP level 6. HP: 45/56 MP: 6/6
  2850 | D:4      | Found a sparkling altar of Nemelex Xobeh.
  2877 | D:4      | Found a shimmering altar of Xom.
  3291 | D:5      | Entered Level 5 of the Dungeon
  3291 | D:5      | Noticed a necrophage
  3295 | D:5      | Killed a necrophage
  3300 | D:5      | Reached XP level 7. HP: 64/64 MP: 7/7
  4000 | D:5      | Reached * piety under Beogh
  4014 | D:5      | Found an opulent altar of Gozag.
  4612 | D:5      | Found a staircase to the Ecumenical Temple.
  4624 | D:5      | Noticed Prince Ribbit
  4643 | D:5      | Killed Prince Ribbit
  4644 | D:5      | Reached XP level 8. HP: 37/74 MP: 8/8
  5632 | D:5      | Identified a scroll of acquirement
  5633 | D:5      | Acquired 657 gold pieces
  5813 | D:3      | Bought the +8 lance "Wyrmbane" {slay drac, rPois rF+ rC+
                  | AC+3} for 888 gold pieces
  5813 | D:3      | Found the +8 lance "Wyrmbane" {slay drac, rPois rF+ rC+
                  | AC+3}
  5862 | D:6      | Reached skill level 1 in Polearms
  5883 | D:6      | Found a bloodstained altar of Trog.
  6146 | D:6      | Reached ** piety under Beogh
  6199 | D:6      | Reached skill level 5 in Polearms
  6199 | D:6      | Reached XP level 9. HP: 82/82 MP: 9/9
  6433 | D:6      | Noticed a red ugly thing
  6446 | D:6      | Killed a red ugly thing
  6557 | D:6      | Noticed a cyclops
  6567 | D:6      | Killed a cyclops
  7169 | D:7      | Noticed Menkaure
  7194 | D:7      | Killed Menkaure
  7310 | D:7      | Reached skill level 10 in Polearms
  7328 | D:7      | Noticed Joseph
  7342 | D:7      | Killed Joseph
  7343 | D:7      | Reached XP level 10. HP: 56/90 MP: 10/10
  7901 | D:7      | Identified the +1 scale mail of Lutev {Harm *Corrode rC-
                  | Will+++}
  8038 | D:8      | Found a white marble altar of Elyvilon.
  8221 | D:8      | Reached skill level 1 in Dodging
  8244 | D:8      | Reached *** piety under Beogh
  8423 | D:8      | Noticed Pikel
  8436 | D:8      | Killed Pikel
  8662 | D:8      | Found a stormy altar of Qazlal.
  8702 | D:8      | Noticed an elephant
  8703 | D:8      | Found a staircase to the Lair.
  8740 | D:8      | Killed an elephant
  8741 | D:8      | Reached skill level 10 in Fighting
  9170 | D:9      | Reached XP level 11. HP: 67/99 MP: 11/11
  9387 | D:9      | Reached skill level 1 in Invocations
  9456 | D:9      | Noticed a catoblepas
  9469 | D:9      | Killed a catoblepas
  9470 | D:9      | Reached skill level 1 in Throwing
  9470 | D:9      | Reached skill level 1 in Evocations
  9586 | D:9      | Noticed Maggie
  9593 | D:9      | Killed Maggie
 10292 | D:10     | Entered Level 10 of the Dungeon
 10309 | D:10     | Found an ornate altar of the Wu Jian Council.
 10521 | D:10     | Noticed a two-headed ogre
 10527 | D:10     | Killed a two-headed ogre
 10823 | D:10     | Found an iron altar of Okawaru.
 10855 | D:10     | Found a shimmering blue altar of Sif Muna.
 11108 | D:11     | Noticed a two-headed ogre
 11110 | D:11     | Noticed a two-headed ogre
 11122 | D:11     | Killed a two-headed ogre
 11126 | D:11     | Killed a two-headed ogre
 11523 | D:11     | Reached skill level 5 in Shields
 12111 | D:11     | Noticed a manticore
 12117 | D:11     | Killed a manticore
 12142 | D:11     | Reached **** piety under Beogh
 12143 | D:11     | Reached skill level 10 in Armour
 12363 | D:11     | Noticed a centaur warrior
 12372 | D:11     | Killed a centaur warrior
 13049 | D:11     | Found a staircase to the Orcish Mines.
 13282 | Lair:1   | Entered Level 1 of the Lair of Beasts
 13326 | Lair:1   | Reached XP level 12. HP: 108/108 MP: 15/15
 13348 | Lair:1   | Noticed a four-headed hydra
 13356 | Lair:1   | Killed a four-headed hydra
 13795 | Lair:1   | Reached skill level 5 in Invocations
 13980 | Lair:1   | Acquired the +3 Mad Mage's Maulers {Infuse+∞ RegenMP Int-3}
 13980 | Lair:1   | Found the +3 Mad Mage's Maulers {Infuse+∞ RegenMP Int-3}
 14067 | Lair:1   | Found a runed translucent door.
 14067 | Lair:1   | Noticed oldmanjim's ghost (journeyman TrHu)
 14435 | Lair:2   | Gained Agrik as an ally
 14565 | Lair:2   | Gained Bogbarth as an ally
 14915 | Lair:2   | Found a staircase to the Snake Pit.
 14929 | Lair:2   | Your ally Bogbarth died
 14933 | Lair:2   | Reached skill level 5 in Dodging
 14943 | Lair:2   | Reached ***** piety under Beogh
 15101 | Lair:2   | Found a runed translucent door.
 15101 | Lair:2   | Noticed Muskoefi's ghost (journeyman HOMo)
 15361 | Lair:2   | Found a staircase to the Shoals.
 15362 | Lair:2   | Noticed Fannar
 15380 | Lair:2   | Killed Fannar
 15547 | Lair:3   | Identified the +8 quarterstaff of Uncomfortable Rashes
                  | {vorpal, rF+}
 15657 | Lair:3   | Reached XP level 13. HP: 94/116 MP: 0/17
 16156 | Lair:3   | Reached skill level 5 in Evocations
 17756 | Lair:4   | Found a bloodstained altar of Trog.
 18304 | Lair:4   | Reached skill level 5 in Throwing
 18502 | Lair:5   | Found a staircase to the Slime Pits.
 18502 | Lair:5   | Found a viscous altar of Jiyva.
 18653 | Lair:5   | Noticed Sonja
 18658 | Lair:5   | Killed Sonja
 18784 | Lair:5   | Found an iron altar of Okawaru.
 19397 | Lair:6   | Entered Level 6 of the Lair of Beasts
 19656 | Lair:6   | Reached ****** piety under Beogh
 19972 | Orc:1    | Entered Level 1 of the Orcish Mines
 19984 | Orc:1    | Noticed Erica
 19993 | Orc:1    | Killed Erica
 20007 | Orc:1    | Reached XP level 14. HP: 116/127 MP: 1/20
 20171 | Orc:2    | Entered Level 2 of the Orcish Mines
 20181 | Orc:2    | Noticed Maurice
 20476 | Orc:2    | Killed Maurice
 20641 | Orc:2    | Noticed Donald
 20657 | Orc:2    | Killed Donald
 20973 | Orc:2    | Found Bulegg's Magic Scroll Shoppe.
 21083 | Orc:2    | Found Saopur's Jewellery Emporium.
 21109 | Orc:2    | Found an ancient bone altar of Kikubaaqudgha.
 21160 | Orc:2    | Paralysed by an orc sorcerer for 2 turns
 21221 | Orc:2    | Found a roughly hewn altar of Beogh.
 21221 | Orc:2    | Found Negro's Antique Armour Emporium.
 21244 | Orc:2    | Found Gatzim's Book Shoppe.
 21250 | Orc:2    | Paralysed by an orc sorcerer for 6 turns
 21386 | Orc:2    | Found a radiant altar of Vehumet.
 21412 | Orc:2    | Bought a shimmering plate armour for 700 gold pieces
 21412 | Orc:2    | Identified the +1 plate armour of Freezing Joy {Will+
                  | Dex+3} (You bought it in a shop on level 2 of the Orcish
                  | Mines)
 21511 | Orc:2    | Noticed Josephine
 21522 | Orc:2    | Killed Josephine
 21579 | Orc:2    | Noticed Snorg
 21592 | Orc:2    | Killed Snorg
 21675 | Orc:2    | Found a staircase to the Elven Halls.
 22033 | Orc:2    | Bought the amulet "Gasumic" {RegenMP SInv} for 535 gold
                  | pieces
 22062 | Orc:2    | Bought a scroll of blinking for 105 gold pieces
 22451 | Orc:1    | Found a roughly hewn altar of Beogh.
 22885 | Lair:6   | Gained Milork as an ally
 23717 | Lair:6   | Reached skill level 10 in Invocations
 23793 | Lair:6   | Found a snail-covered altar of Cheibriados.
 24483 | Orc:2    | Bought a scroll of identify for 28 gold pieces
 24483 | Orc:2    | Bought a scroll of identify for 28 gold pieces
 24483 | Orc:2    | Bought a scroll of identify for 28 gold pieces
 24483 | Orc:2    | Bought a scroll of identify for 28 gold pieces
 24483 | Orc:2    | Bought a scroll of fog for 28 gold pieces
 24587 | D:12     | Found Codieh Suibe's Jewellery Boutique.
 24587 | D:12     | Noticed Psyche
 24596 | D:12     | Cast into level 1 of the Abyss (Psyche)
 24862 | Abyss:1  | Noticed a tentacled starspawn
 24928 | Abyss:1  | HP: 2/103 [wretched star/lance of force (7)]
 24954 | Abyss:1  | HP: 5/103 [thrashing horror (3)]
 24957 | Abyss:1  | Noticed a green very ugly thing
 24957 | Abyss:1  | Noticed an ironbound thunderhulk
 24957 | Abyss:1  | Noticed a red very ugly thing
 24965 | Abyss:1  | HP: 5/103 [lurking horror (2)]
 24974 | Abyss:1  | HP: 4/103 [thrashing horror (3)]
 24987 | Abyss:1  | HP: 5/103 [thrashing horror (3)]
 24993 | Abyss:1  | HP: 2/103 [thrashing horror (4)]
 25013 | Abyss:1  | HP: 5/103 [thrashing horror (3)]
 25034 | Abyss:1  | HP: 4/103 [thrashing horror (5)]
 25442 | Abyss:2  | Noticed a yellow draconian
 25455 | Abyss:2  | Killed a yellow draconian
 25551 | Abyss:2  | Noticed a deep elf elementalist
 25617 | Abyss:2  | Noticed a starcursed mass
 25656 | Abyss:2  | HP: 3/103 [smoke demon/ball of steam (5)]
 25658 | Abyss:2  | Slain by an ancient zyme

Illustrated notes

Levels and vault maps discovered:
D:1:      dpeg_arrival_arbitrary_c, layout_loops_ring,
          shapermc_ecumenical_altar_rom_forum
D:2:      layout_rooms, nicolae_concentric_dashed_squares_wild,
          chequers_serial_rivers_micro_a, minmay_octomino_c4
D:3:      layout_rooms, lemuel_round_altar, serial_shops, shop,
          minmay_misc_feat_x, minmay_fractal_squares_gapless_5
D:4:      layout_basic, lemuel_crystal_altar, mainiacjoe_overflow_tiny_flanked,
          wad_rectangle_vault
D:5:      layout_basic, mainiacjoe_overflow_surrounded_room,
          minmay_temple_entry_statues_pillars, grunt_ministairs_6,
          uniq_prince_ribbit1
D:6:      layout_loops_corners, mainiacjoe_overflow_cross_hatched,
          minmay_three_doors
D:7:      layout_rooms, st_stairs_4, uniq_menkaure, uniq_joseph
D:8:      layout_basic, elyvilon_altar_4, nicolae_qazlal_scattered_showers,
          david_lair_generic, nzn_random_ring, uniq_pikel
D:9:      kennysheep_big_flooded_room, layout_loops_corners, uniq_maggie
D:10:     layout_loops_ring, mainiacjoe_overflow_two_lobes, old_standard_altar
D:11:     layout_long_grid, erik_orc_2, lemuel_flamethrower_2
D:12:     layout_basic, portal_ice_cave_entry_ice_simulacra,
          grunt_ministairs_11, minmay_shop_enchanted_jewellery, uniq_frances,
          uniq_psyche
Lair:1:   layout_chaotic_city, gammafunk_ghost_grave, grunt_megastairs_2
Lair:2:   layout_loops_ring, minmay_shoals_entry_beasts,
          minmay_snake_entry_guardpost_large, gammafunk_ghost_grave, uniq_fannar
Lair:3:   layout_layer_cave, nicolae_lair_lindhole
Lair:4:   layout_concentric_octagons, basic_altar, minmay_lair_oklob_bushes,
          grunt_megastairs_4
Lair:5:   layout_roguey, slime_altar_1, basic_altar, grunt_megastairs_3,
          uniq_sonja
Lair:6:   minmay_lair_end_enchanted_forest, layout_cave_pods, basic_altar,
          grunt_forest_large_clearings
Orc:1:    layout_diamond_mine, minmay_orc_temple_b, uniq_erica
Orc:2:    kennysheep_orc_mage_school, layout_caves, nicolae_orc_crystal_geode,
          uniq_donald, uniq_maurice, uniq_snorg, uniq_josephine
Abyss:2:  base:
D:9

Skill      XL: |  1  2  3  4  5  6  7  8  9 10 11 12 13 14 |
---------------+-------------------------------------------+-----
Axes           | 3 4 |  4.0
Fighting       | 4 5 6 8 10 11 12 13 | 13.4
Shields        | 4 5 6 8 9 |  9.6
Armour         | 4 5 6 7 8 9 10 11 12 | 12.0
Polearms       | 5 10 11 12 13 | 13.8
Dodging        | 3 4 5 6 |  6.0
Invocations    | 4 6 8 10 | 10.1
Throwing       | 2 4 5 7 |  7.0
Evocations     | 3 4 6 7 |  7.5

Action                   |  1- 3 |  4- 6 |  7- 9 | 10-12 | 13-15 || total
-------------------------+-------+-------+-------+-------+-------++-------
Melee: War axe           |    98 |   119 |   131 |       |       ||   348
       Lance             |       |       |   130 |   607 |   864 ||  1601
Throw: Dart              |       |       |       |     2 |       ||     2
Invok: Convert to Beogh  |       |     1 |       |       |       ||     1
       Recall Orcish Fol |       |       |       |     1 |     3 ||     4
       Give Item to Name |       |       |       |     1 |       ||     1
       Stop Recall       |       |       |       |       |     1 ||     1
  Use: Potion            |       |       |     3 |       |    18 ||    21
       Scroll            |       |       |     9 |     3 |    18 ||    30
 Stab: Confused          |       |       |       |     1 |       ||     1
       Distracted        |       |       |       |       |     4 ||     4
       Paralysed         |       |       |       |       |     4 ||     4
       Petrified         |       |       |       |       |     1 ||     1
Armor: Scale mail        |    40 |    48 |    97 |       |       ||   185
       Chain mail        |       |       |     7 |   195 |       ||   202
       Plate armour      |       |       |       |    32 |   379 ||   411
Dodge: Dodged            |    42 |    67 |   104 |   115 |   185 ||   513
Block: Buckler           |    19 |    35 |    50 |    51 |    56 ||   211
       Kite shield       |       |       |       |       |   264 ||   264
       Reflection        |       |       |       |       |     7 ||     7
